 Dungeon Crawl Stone Soup version 0.32-a0-871-ge202e49faa (webtiles) character file.

Game seed: 13725109629415746619

184136 HilariousDeathArtist the Warrior (level 17, -1/163 HPs)
             Began as a Demonspawn Brigand on Mar 29, 2024.
             Was a Plaything of Xom.
             Slain by a jumping spider (6 damage)
             ... while paralysed by a jorogumo
             ... on level 2 of the Spider Nest.
             The game lasted 00:40:17 (22880 turns).

HilariousDeathArtist the Warrior (DsBr)            Turns: 22880, Time: 00:40:18

Health: -1/163     AC: 19    Str: 12    XL:     17   Next: 76%
Magic:  0/25       EV:  2    Int: 11    God:    Xom [...*..]
Gold:   1522       SH:  0    Dex: 27    Spells: 25/27 levels left

rFire   . . .        a - +2 double sword (elec)
rCold   . . .        (no shield)
rNeg    . . .        X - +0 swamp dragon scales
rPois   +            V - +1 hat
rElec   .            i - +2 cloak {Stlth+}
rCorr   .            (gloves unavailable)
SInv    .            x - +1 pair of boots
Will    +++..        u - amulet of regeneration
Stlth   +++++        t - +5 ring of evasion
HPRegen 2.07/turn    A - +4 ring of protection
MPRegen 0.19/turn

%: no passive effects
@: paralysed, marked, on blink cooldown
A: demonic guardian 2, sharp scales 2, demonic touch 3, hooves 1, thin skeletal
structure 1, agile 1, strong-willed 2, regeneration 1, robust 1, screaming 1,
wild magic 1, persistent drain
a: Renounce Religion


You were on level 2 of the Spider Nest.
You worshipped Xom.
You were a favourite toy of Xom.
You visited 4 branches of the dungeon, and saw 24 of its levels.

You collected 2253 gold pieces.
You spent 731 gold pieces at shops.

Inventory:

Hand Weapons
 a - a +2 double sword of electrocution (weapon)
   (You took it off Donald on level 1 of the Spider Nest)
 b - the +3 scimitar of Paorid {antimagic, Str+4}
   (You found it on level 15 of the Dungeon)

   Str+4:     It affects your strength (+4).
 f - a +4 scimitar of flaming
   (You took it off Azrael on level 2 of the Orcish Mines)
Missiles
 e - 5 throwing nets {!d}
 n - 4 poisoned darts
 q - 14 boomerangs
 s - 10 stones
 v - 11 curare-tipped darts
Armour
 i - a +2 cloak of stealth (worn)
   (You found it on level 13 of the Dungeon)
 x - a +1 pair of boots (worn)
   (Xom gifted it to you on level 2 of the Lair of Beasts)
 V - a +1 hat (worn)
   (You found it on level 1 of the Lair of Beasts)
 X - +0 swamp dragon scales (worn)
   (You found it on level 4 of the Lair of Beasts)
Jewellery
 t - a +5 ring of evasion (left hand)
   (You found it on level 2 of the Dungeon)
 u - an amulet of regeneration (around neck)
   (You found it on level 3 of the Lair of Beasts)
 A - a +4 ring of protection (right hand)
   (You found it on level 1 of the Spider Nest)
 C - a ring of protection from cold {rC+, !d}
   (You found it on level 2 of the Dungeon)
 W - a ring of willpower
   (You found it on level 9 of the Dungeon)
Wands
 d - a wand of digging (18)
   (You found it on level 11 of the Dungeon)
 h - a wand of acid (4)
   (You found it on level 3 of the Lair of Beasts)
 j - a wand of polymorph (15)
   (You found it on level 7 of the Dungeon)
 m - a wand of roots (21)
   (You took it off an orc on level 5 of the Dungeon)
 p - a wand of paralysis (13)
   (You found it on level 7 of the Dungeon)
Scrolls
 c - 9 scrolls of identify {@r1}
 k - 2 scrolls of poison {!r}
 o - 5 scrolls of revelation
 r - 2 scrolls of butterflies
 w - 2 scrolls of enchant armour
 y - a scroll of fog
 D - a scroll of blinking {!r}
 E - 4 scrolls of fear
 K - a scroll of immolation {!r}
 O - 3 scrolls of silence
 Q - a scroll of brand weapon
 Y - 12 scrolls of teleportation {@r3}
Potions
 g - 2 potions of enlightenment
 B - 4 potions of brilliance
 F - 3 potions of cancellation
 G - 2 potions of ambrosia {!q}
 H - 5 potions of haste
 I - 4 potions of invisibility
 J - 12 potions of curing {@q1}
 M - a potion of magic
 N - 8 potions of heal wounds {@q2}
 P - 2 potions of lignification {!q}
 R - 4 potions of resistance
 U - 4 potions of mutation {!q}
 Z - 3 potions of might
Miscellaneous
 l - a condenser vane (inert)
   (You found it on level 3 of the Lair of Beasts)


   Skills:
 + Level 17.8 Fighting
 - Level 1.7(8.7) Short Blades
 * Level 13.3 Long Blades
 - Level 1.7 Throwing
 + Level 2.2 Armour
 + Level 14.9 Dodging
 - Level 3.6 Stealth
 + Level 5.7 Spellcasting
 + Level 5.5 Translocations
 + Level 11.9 Evocations


You had 25 spell levels left.
You knew the following spells:

 Your Spells              Type           Power      Damage    Failure   Level
b - Blink                 Tloc           38%        N/A       11%         2

Your spell library contained the following spells:

 Spells                   Type           Power      Damage    Failure   Level
 Lesser Beckoning         Tloc           38%        N/A       11%         2
 Teleport Other           Tloc           19%        N/A       21%         3
 Momentum Strike          Conj/Tloc      22%        3d8       30%         2
 Volatile Blastmotes      Fire/Tloc      22%        2d11      47%         3
 Foxfire                  Conj/Fire      16%        2x1d4     50%         1
 Kiss of Death            Conj/Necr      16%        2d6       50%         1
 Magic Dart               Conj           16%        1d3       50%         1
 Necrotise                Necr           16%        1d4       50%         1
 Shock                    Conj/Air       16%        1d4       50%         1
 Slow                     Hex            16%        N/A       50%         1
 Sting                    Conj/Alch      16%        1d4       50%         1
 Maxwell's Portable Pile  Tloc           19%        2d(8-15)  50%         4
 Cigotuvi's Dreadful Rot  Necr/Alch/Air  8%         N/A       63%         2
 Searing Ray              Conj           8%         2d4       63%         2
 Sublimation of Blood     Necr           4%         N/A       63%         2
 Call Canine Familiar     Summ           4%         N/A       85%         3
 Confusing Touch          Hex            4%         N/A       85%         3
 Dazzling Flash           Conj/Hex       8%         N/A       85%         3
 Inner Flame              Hex/Fire       4%         N/A       85%         3
 Sigil of Binding         Hex            4%         N/A       85%         3
 Vampiric Draining        Necr           4%         2d6       85%         3
 Dimensional Bullseye     Hex/Tloc       5%         N/A       86%         4
 Iskenderun's Mystic Bla Conj/Tloc 11%            2d4        (+2d2     86%         4
 Dispel Undead            Necr           4%         3d7       99%         4
 Fulminant Prism          Conj/Alch      2%         3d5       99%         4
 Martyr's Knell           Necr/Summ      4%         N/A       99%         4
 Petrify                  Alch/Erth      4%         N/A       99%         4
 Summon Forest            Summ/Tloc      5%         N/A       99%         5
 Curse of Agony           Necr           4%         N/A       100%        5
 Irradiate                Conj/Alch      2%         3d12      100%        5
 Iskenderun's Battlesphe  Conj           4%         2d6       100%        5
 Summon Mana Viper        Hex/Summ       4%         N/A       100%        5
 Bombard                  Conj/Erth      2%         9d1       100%        6
 Plasma Beam              Fire/Air       2%         2x1d12    100%        6
 Starburst                Conj/Fire      2%         6d3       100%        6
 Summon Cactus Giant      Summ           2%         N/A       100%        6
 Orb of Destruction       Conj           2%         9d5       100%        7
 Ignition                 Fire           2%         3d3       100%        8
 Maxwell's Capacitive Co  Air            2%         ∞         100%        8


Dungeon Overview and Level Annotations

Branches:
Dungeon (15/15)            Temple (0/1) D:5            Lair (5/5) D:8
 Shoals (0/4) Lair:2       Spider (2/4) Lair:3        Slime (0/5) Lair:5
    Orc (2/2) D:12            Elf (0/3) Orc:2        Vaults (0/5) D:14
 Depths (0/4) D:15

Altars:
Cheibriados
Hepliaklqana
Ru
Sif Muna
Trog
Xom
Beogh
Jiyva

Shops:
D:2 !   D:6 *   D:8 [   Orc:2 ?:**

Annotations:
D:3 Grinder
D:5 Menkaure
Lair:2 2 transporters, Ruich's ghost, journeyman TrCK
Spider:2 Asterion


Innate Abilities, Weirdness & Mutations

A demonic guardian rushes to your aid.
You are mostly covered in razor-sharp scales. (AC +2, Slay +2)
Your touch may irresistibly damage your foes and sap their willpower.
You have large cloven feet.
You have a somewhat thin skeletal structure. (Dex +2, Stealth+)
You are agile. (Dex +4, Str/Int -1)
You are highly strong-willed. (Will++)
Your natural rate of healing is unusually fast.
You are robust. (+10% HP)
You occasionally shout uncontrollably at your foes.
Your spells are a little harder to cast, but a little more powerful.
Your health recovers twice as slowly from being drained.


Message History

Unknown command.
You hit the jorogumo.
You feel ready to blink again.
The grasping roots constrict the jumping spider!!
The grasping roots constrict the jorogumo!!
The jorogumo completely misses you.
The jumping spider completely misses you.
The jumping spider misses you.
The jorogumo stares at you and mumbles some strange words.
The stream of webbing misses you.
The jumping spider leaps!
The jorogumo barely misses you. The jumping spider misses you.
The jumping spider closely misses you.
An emperor scorpion comes into view.
You regained 2 hp, and now have 145/163 hp.
Unknown command.
You barely miss the jumping spider.
You feel yourself speed up.
The grasping roots constrict the jumping spider!
The grasping roots constrict the jorogumo!
The jorogumo completely misses you.
The jumping spider barely misses you. x2
The jumping spider leaps!
The jorogumo stares at you and mumbles some strange words.
The stream of webbing hits you but does no damage.
You are caught in a web!
The jorogumo hits you! The jumping spider pounces on you!
You are even more entangled.
The jumping spider closely misses you.
The jumping spider leaps!
Your magical contamination has completely faded away.
You take 16 damage, and have 129/163 hp.
You blink.
You yell at the culicivora!
You yell at the demonic crawler! 3 spiders, Asterion, a jorogumo and a demonic crawler come into view.
Asterion is wielding a +0 spectral demon trident.
You yell at the culicivora!
The grasping roots constrict the jumping spider!!
You kill the jumping spider!
The grasping roots constrict the jorogumo!!
The jumping spider leaps!
The jorogumo completely misses you.
The jumping spider leaps!
You feel you are being watched by something.
You feel your power leaking away.
The jorogumo struggles to escape constriction.
A jorogumo comes into view. x2
The jorogumo stares at you and mumbles some strange words.
The stream of webbing hits you but does no damage.
You are caught in a web!
Asterion hits you from afar with a +0 spectral demon trident!
The +0 spectral demon trident hits you from afar!
The culicivora moves out of view.
The jumping spider moves out of view.
A +0 spectral demon trident comes into view.
You take 21 damage, and have 108/163 hp.
You now have 6/25 mp.
Unknown command.
As you read the scroll of teleportation {@r3}, it crumbles to dust.
You feel strangely unstable.
The grasping roots constrict the jorogumo!!
The emperor scorpion stings you but does no damage.
The emperor scorpion claws you but does no damage.
The emperor scorpion claws you.
The jorogumo struggles to escape constriction.
The jorogumo misses you. Asterion hits you but does no damage.
The +0 spectral demon trident misses you.
Unknown command.
Okay, then.
You struggle to detach yourself from the web.
The grasping roots constrict the jorogumo!!
You kill the jorogumo!
The emperor scorpion stings you.
The emperor scorpion claws you but does no damage. x2
The jorogumo hits you but does no damage.
You feel you are being watched by something.
You feel your power leaking away. The jorogumo hits you!
You suddenly lose the ability to move!
The emperor scorpion stings you! The emperor scorpion claws you!
The emperor scorpion claws you but does no damage.
Asterion hits you from afar with a +0 spectral demon trident!!
The +0 spectral demon trident hits you from afar!
The culicivora bites you!
* * * LOW HITPOINT WARNING * * *
The culicivora draws strength from your injuries!
A wolf spider comes into view.
The jumping spider leaps!
The jorogumo stares at you and mumbles some strange words.
The stream of webbing hits you but does no damage.
You are even more entangled.
The jumping spider leaps!
The jorogumo stares at you and mumbles some strange words.
The stream of webbing hits you but does no damage.
You are even more entangled.
The emperor scorpion stings you.
* * * LOW HITPOINT WARNING * * *
The emperor scorpion claws you but does no damage. x2
The culicivora bites you but does no damage.
Asterion hits you from afar with a +0 spectral demon trident!!
* * * LOW HITPOINT WARNING * * *
A demonic guardian appears!
The +0 spectral demon trident hits you from afar!
* * * LOW HITPOINT WARNING * * *
Your surroundings suddenly seem different.
The jumping spider leaps!
The jumping spider pounces on you.
You die...
Xom bursts into laughter!

###### ######### #s...#
......... ###....# ..^......
#### ###.....## ####....#
##?3###.....### ##.^##...#
###.....#3s@○## #....##..#
#(.^sHH°†.#..# ##.....#...
##sH##..†.#.s#####.....###.[
##.H######...##......#####.
##Hs #...#....#...#^...


sH. ###...#.##........ s#.. ##.#####...>.#.# H,s##$. ### ######### s.# ..#
#...^. You could see an emperor scorpion, 2 jorogumos, 3 jumping spiders and a
friendly sixfirhy (summoned).

Vanquished Creatures
  A shadow dragon (Lair:5)
  Donald (Spider:1)
  A fire giant (D:14)
  An orc warlord (Orc:2)
  Azrael (Orc:2)
  The ghost of Iranwisias the Crack Shot, a journeyman KoHu of Hepliaklqana (D:15)
  A fire dragon (D:14)
  3 entropy weavers (Spider:2)
  A rakshasa (D:15)
  Harold (D:11)
  Fannar (D:11)
  2 jorogumos (Spider:2)
  7 hydras
  2 radroaches
  6 catoblepae
  2 boulder beetles
  An ogre mage (D:14)
  4 two-headed ogres
  3 centaur warriors
  Erica (Lair:2)
  9 death yaks (Lair:5)
  A demonic crawler (Spider:1)
  4 skeletal warriors
  Sonja (Orc:2)
  A pharaoh ant (Spider:2)
  2 orb spiders (Spider:2)
  7 orc knights
  2 swamp dragons (Lair:4)
  5 wolf spiders
  3 obsidian bats
  6 deep elf pyromancers
  10 orc sorcerers (Orc:2)
  An oklob plant (Lair:3)
  3 manticores
  A shining eye (Lair:2)
  15 ugly things
  A will-o-the-wisp (Lair:4)
  9 cyclopes
  Maurice (D:11)
  7 meliai
  4 black mambas
  A kobold blastminer (Orc:2)
  A torpor snail (Spider:1)
  3 centaur skeletons (D:14)
  A gargoyle (D:11)
  8 cane toads
  An efreet (D:14)
  2 rime drakes
  10 komodo dragons
  5 trolls
  A hornet (D:7)
  4 polar bears
  14 blink frogs
  6 tarantellas
  11 dream sheep (Lair:5)
  16 slime creatures
  6 jumping spiders
  A vampire (D:12)
  A centaur simulacrum (D:15)
  3 culicivoras
  A wraith (D:13)
  61 yaks
  2 shadows
  4 wyverns
  2 basilisks
  2 fire elementals (Orc:2)
  2 steam dragons
  6 redbacks
  2 vampire mosquitoes (Lair:4)
  8 wargs
  An acid dragon (D:11)
  12 water moccasins
  3 hell hounds (Orc:2)
  27 orc warriors
  A swamp drake (Lair:4)
  A black bear (Lair:4)
  6 ogres
  8 wolves
  A boggart (D:14)
  12 centaurs
  A phantom (D:4)
  4 kobold brigands
  10 bullfrogs
  5 scorpions
  3 wights (D:7)
  21 killer bees
  2 electric eels (D:8)
  4 howler monkeys
  A lava snake (D:8)
  A bombardier beetle (D:6)
  2 hounds
  A jelly (D:5)
  19 orc priests
  A sleepcap (D:6)
  A gnoll bouda (D:4)
  3 iguanas
  30 orc wizards
  6 hell rats (Lair:3)
  A boggart skeleton (D:14)
  10 gnolls
  3 adders
  2 white imps
  A dart slug (D:2)
  A ribbon worm (D:2)
  92 orcs
  12 ball pythons
  9 bats
  14 endoplasms
  3 giant cockroaches
  7 goblins
  9 hobgoblins
  7 jackals
  3 quokkas
  2 frilled lizards (D:1)
  15 kobolds
  3 rats
700 creatures vanquished.

Vanquished Creatures (collateral kills)
  A boulder beetle (D:6)
  2 steelbarb worms (Spider:1)
  An ugly thing (D:14)
  2 wolf spiders
  2 trolls (D:15)
  4 jumping spiders
  A slime creature (D:15)
  A culicivora (Spider:1)
  A yak (D:9)
  A steam dragon (D:6)
  A hell hound (Orc:2)
  An orc warrior (D:15)
  An ice beast (D:6)
  An ogre (D:6)
  A wolf (Lair:2)
  A scorpion (D:6)
  An iguana (D:6)
  An orc wizard (D:12)
  A gnoll (D:12)
  A dart slug (D:4)
  6 orcs
32 creatures vanquished.

Vanquished Creatures (others)
  A dancing weapon (D:11)
  A blink frog (Lair:4)
  2 orc priests
  4 orc wizards
  2 orcs (Orc:2)
  5 foxfires (Lair:4)
15 creatures vanquished.

Grand Total: 747 creatures vanquished

Notes
Turn   | Place    | Note
-------+----------+-------------------------------------------
     0 | D:1      | HilariousDeathArtist the Demonspawn Brigand began the quest
                  | for the Orb.
     0 | D:1      | Reached XP level 1. HP: 16/16 MP: 1/1
   225 | D:1      | Gained mutation: Your touch may inflict minor irresistible
                  | damage on your foes. [demonic ancestry]
   225 | D:1      | Reached XP level 2. HP: 17/23 MP: 2/2
   464 | D:1      | Reached skill level 3 in Fighting
   840 | D:2      | Reached XP level 3. HP: 29/29 MP: 3/3
   984 | D:2      | Reached skill level 4 in Fighting
   986 | D:2      | Found Kurghauh's Distillery.
  1200 | D:2      | Found a faded altar of an unknown god.
  1205 | D:2      | Got Plato's Parchment of Melanosis
  1208 | D:2      | Prayed at the altar of an unknown god.
  1208 | D:2      | Became a worshipper of Xom of Chaos
  1309 | D:2      | Gained mutation: You are partially covered in razor-sharp
                  | scales. (AC +1, Slay +1) [demonic ancestry]
  1309 | D:2      | Reached XP level 4. HP: 38/38 MP: 4/4
  1484 | D:2      | XOM: silly message
  1900 | D:2      | Bought a potion of haste for 110 gold pieces
  2080 | D:3      | Found a sacrificial altar of Ru.
  2182 | D:3      | XOM is BORED!
  2357 | D:3      | Noticed Grinder
  2360 | D:3      | Paralysed by Grinder for 3 turns
  2364 | D:3      | HP: 5/38 [Grinder/nerve-wracking pain (6)]
  2554 | D:3      | XOM: silly message
  2798 | D:4      | Reached skill level 5 in Fighting
  2963 | D:4      | XOM: summons 3 friendly demons
  2965 | D:4      | Reached XP level 5. HP: 41/44 MP: 5/5
  2980 | D:4      | XOM: smoke on damage
  3095 | D:4      | Reached skill level 6 in Fighting
  3157 | D:4      | Found a snail-covered altar of Cheibriados.
  3157 | D:4      | XOM: 10-stop teleportation journey
  3166 | D:4      | Noticed an ogre
  3171 | D:4      | XOM: fake destruction
  3183 | D:4      | XOM: noise
  3187 | D:4      | Noticed a phantom
  3188 | D:4      | XOM: snakes to sticks
  3296 | D:4      | Gained mutation: Your touch may inflict irresistible damage
                  | on your foes. [demonic ancestry]
  3296 | D:4      | Reached XP level 6. HP: 33/53 MP: 6/6
  3434 | D:4      | Reached skill level 1 in Dodging
  3463 | D:4      | Reached skill level 7 in Fighting
  3463 | D:4      | Reached skill level 2 in Dodging
  3749 | D:5      | Entered Level 5 of the Dungeon
  3791 | D:5      | Reached XP level 7. HP: 45/60 MP: 7/7
  3935 | D:5      | Noticed Menkaure
  4027 | D:5      | Found a staircase to the Ecumenical Temple.
  4071 | D:5      | XOM: cast spell 'Disjunction'
  4300 | D:5      | XOM: god gift: scroll labelled GIUNIT GOYM {god gift}
  4440 | D:5      | Reached skill level 3 in Dodging
  4629 | D:6      | Noticed a boulder beetle
  4729 | D:6      | XOM: cast spell 'Summon Dragon'
  4738 | D:6      | Killed a boulder beetle
  4739 | D:6      | Reached skill level 8 in Fighting
  4739 | D:6      | Reached skill level 4 in Dodging
  4739 | D:6      | Reached XP level 8. HP: 55/69 MP: 8/8
  4789 | D:6      | Reached skill level 5 in Dodging
  4791 | D:6      | Reached skill level 9 in Fighting
  4834 | D:6      | XOM: cloud trail
  4841 | D:6      | Reached skill level 6 in Dodging
  4930 | D:6      | Found Zin's Purification Station.
  4935 | D:6      | XOM: confuse monster(s)
  4945 | D:6      | Gained mutation: You are mostly covered in razor-sharp
                  | scales. (AC +2, Slay +2) [demonic ancestry]
  4945 | D:6      | Reached XP level 9. HP: 78/78 MP: 9/9
  4978 | D:6      | You fall into a shaft and drop 3 floors!
  5099 | D:9      | XOM: god gift: flux talisman
  5222 | D:8      | XOM: confuse monster(s)
  5225 | D:8      | Reached skill level 10 in Fighting
  5497 | D:8      | Reached skill level 7 in Dodging
  5499 | D:8      | XOM: god gift: 64 gold pieces
  5523 | D:8      | Identified the +1 ring mail of Apny {rF+ MP-9 Dex+5}
  5922 | D:7      | XOM: stat loss: -1 Int (11/12)
  6404 | D:6      | XOM: scenery: create altars
  6550 | D:6      | XOM: god gift: 20 gold pieces
  6664 | D:7      | XOM: scenery: 1 doors open, 2 doors close
  6817 | D:7      | Reached skill level 11 in Fighting
  6817 | D:7      | Reached skill level 8 in Dodging
  7060 | D:7      | XOM: summons friendly iron imp
  7066 | D:7      | XOM: enchant monster (good)
  7460 | D:8      | XOM: fog
  7504 | D:8      | Found a staircase to the Lair.
  7505 | D:8      | Noticed a komodo dragon
  7535 | D:8      | Killed a komodo dragon
  7536 | D:8      | Reached XP level 10. HP: 75/88 MP: 10/10
  7628 | D:8      | Found Xedduafa's Armour Boutique.
  7800 | D:3      | XOM: give mutations
  7800 | D:3      | Gained mutation: You are robust. (+10% HP) [Xom's grace]
  7800 | D:3      | Gained mutation: Your spells are a little harder to cast,
                  | but a little more powerful. [Xom's grace]
  7800 | D:3      | Gained mutation: You have sharp toenails. [Xom's grace]
  7800 | D:3      | Gained mutation: You are agile. (Dex +4, Str/Int -1) [Xom's
                  | grace]
  7825 | D:2      | Bought a potion of haste for 110 gold pieces
  7825 | D:2      | Bought a potion of brilliance for 44 gold pieces
  7825 | D:2      | Bought a potion of might for 44 gold pieces
  7825 | D:2      | Bought a potion of might for 44 gold pieces
  7825 | D:2      | Bought a potion of might for 44 gold pieces
  7825 | D:2      | Bought a potion of resistance for 110 gold pieces
  7825 | D:2      | Bought a potion of curing for 33 gold pieces
  8005 | D:9      | XOM: cast spell 'Summon Hydra'
  8014 | D:9      | XOM: enchant monster (bad)
  8016 | D:9      | Reached skill level 9 in Dodging
  8224 | D:9      | XOM: scenery: create altars
  8227 | D:9      | XOM: enchant monster (good)
  8233 | D:9      | Reached skill level 12 in Fighting
  8498 | D:9      | XOM: god gift: 6 stones
  8516 | D:9      | XOM: god gift: chain mail {god gift}
  8525 | D:9      | XOM: god gift: blackened silver amulet {god gift}
  8906 | D:10     | Entered Level 10 of the Dungeon
  9060 | D:10     | XOM: confusion (+ monsters)
  9065 | D:10     | XOM: potion effect (curing)
  9323 | D:10     | XOM: cast spell 'Leda's Liquefaction'
  9341 | D:10     | XOM: 4-stop teleportation journey
  9438 | D:10     | XOM: swap monsters
  9439 | D:10     | XOM: divination: detect items
  9562 | D:10     | XOM: cloud trail
  9702 | D:10     | Reached skill level 10 in Dodging
  9805 | D:10     | XOM: scenery: 1 doors open
  9920 | D:10     | XOM: give mutations
  9920 | D:10     | Gained mutation: Your natural rate of healing is unusually
                  | fast. [Xom's grace]
  9920 | D:10     | Gained mutation: Your movements are slightly less
                  | encumbered by armour. (ER -2) [Xom's grace]
 10239 | D:11     | Noticed Harold
 10275 | D:11     | XOM: confuse monster(s)
 10290 | D:11     | Reached XP level 11. HP: 106/106 MP: 2/11
 10322 | D:11     | Reached skill level 13 in Fighting
 10323 | D:11     | Noticed Fannar
 10329 | D:11     | Reached skill level 1 in Evocations
 10329 | D:11     | XOM: blink monster(s)
 10331 | D:11     | Killed Fannar
 10332 | D:11     | Reached skill level 2 in Evocations
 10458 | D:11     | Noticed Maurice
 10473 | D:11     | Killed Maurice
 10641 | D:11     | XOM: summons 2 hostile shadow creatures
 10642 | D:11     | Noticed a two-headed ogre
 10743 | D:11     | XOM: summons 4 hostile demons
 10802 | D:11     | Killed Harold
 10803 | D:11     | Reached skill level 3 in Evocations
 10903 | D:12     | Noticed a skeletal warrior
 10903 | D:12     | Noticed a skeletal warrior
 10903 | D:12     | Noticed a skeletal warrior
 11030 | Lair:1   | Entered Level 1 of the Lair of Beasts
 11098 | Lair:1   | Reached skill level 11 in Dodging
 11152 | Lair:1   | XOM is BORED!
 11152 | Lair:1   | XOM: 3-stop teleportation journey
 11163 | Lair:1   | XOM: repel stairs
 11165 | Lair:1   | XOM: noise
 11251 | Lair:1   | Reached skill level 4 in Evocations
 11376 | Lair:1   | XOM: confuse monster(s)
 11581 | Lair:1   | XOM: god gift: maw talisman
 11843 | Lair:2   | XOM: divination: detect items
 11852 | Lair:2   | XOM: enchant monster (good)
 11855 | Lair:2   | XOM: cast spell 'Animate Armour'
 11859 | Lair:2   | Reached skill level 5 in Evocations
 11860 | Lair:2   | Reached skill level 14 in Fighting
 11913 | Lair:2   | Noticed Erica
 11913 | Lair:2   | XOM: 2-stop teleportation journey
 11918 | Lair:2   | XOM: cast spell 'Dispersal'
 11927 | Lair:2   | XOM: confuse monster(s)
 11929 | Lair:2   | XOM: silly message
 11932 | Lair:2   | Killed Erica
 11933 | Lair:2   | Reached XP level 12. HP: 117/117 MP: 3/12
 11937 | Lair:2   | XOM: divination: detect items
 11942 | Lair:2   | XOM: noise
 11987 | Lair:2   | Found a transporter.
 11994 | Lair:2   | Found a transporter.
 12001 | Lair:2   | Noticed Ruich's ghost (journeyman TrCK)
 12003 | Lair:2   | Found a bloodstained altar of Trog.
 12039 | Lair:2   | Noticed a catoblepas
 12050 | Lair:2   | XOM: potion effect (invisibility)
 12051 | Lair:2   | Killed a catoblepas
 12052 | Lair:2   | Reached skill level 1 in Long Blades
 12123 | Lair:2   | XOM: 2-stop teleportation journey
 12211 | Lair:2   | Noticed a six-headed hydra
 12217 | Lair:2   | Killed a two-headed hydra
 12218 | Lair:2   | Reached skill level 2 in Long Blades
 12218 | Lair:2   | Reached skill level 6 in Evocations
 12363 | Lair:2   | XOM: potion effect (invisibility)
 12369 | Lair:2   | XOM: noise
 12371 | Lair:2   | Found a staircase to the Shoals.
 12377 | Lair:2   | Reached skill level 3 in Long Blades
 12476 | Lair:2   | XOM: give mutations
 12476 | Lair:2   | Gained mutation: You are strong-willed. (Will+) [Xom's
                  | grace]
 12476 | Lair:2   | Gained mutation: You are highly strong-willed. (Will++)
                  | [Xom's grace]
 12684 | Lair:2   | XOM: scenery: create altars
 12738 | Lair:2   | XOM: god gift: pair of embroidered boots {god gift}
 12792 | Lair:2   | XOM: enchant monster (good)
 12821 | Lair:3   | Reached skill level 12 in Dodging
 12933 | Lair:3   | XOM: god gift: potion of heal wounds
 13049 | Lair:3   | Reached skill level 4 in Long Blades
 13152 | Lair:3   | Found a hole to the Spider Nest.
 13160 | Lair:3   | XOM: blink monster(s)
 13574 | Lair:3   | XOM: enchant monster (bad)
 13753 | Lair:4   | Noticed an eight-headed hydra
 13761 | Lair:4   | Killed a four-headed hydra
 13762 | Lair:4   | Reached skill level 5 in Long Blades
 13762 | Lair:4   | Reached skill level 7 in Evocations
 13859 | Lair:4   | XOM: divine lightning
 13865 | Lair:4   | XOM: divination: detect creatures
 13992 | Lair:4   | Noticed a five-headed hydra
 13998 | Lair:4   | XOM: destruction
 14001 | Lair:4   | Killed a two-headed hydra
 14010 | Lair:4   | Reached skill level 6 in Long Blades
 14107 | Lair:4   | Noticed a six-headed hydra
 14117 | Lair:4   | Killed a one-headed hydra
 14125 | Lair:4   | XOM: summons friendly iron imp
 14128 | Lair:4   | Reached skill level 15 in Fighting
 14132 | Lair:4   | Reached XP level 13. HP: 42/126 MP: 4/13
 14555 | Lair:5   | Entered Level 5 of the Lair of Beasts
 14556 | Lair:5   | XOM: noise
 14561 | Lair:5   | Reached skill level 7 in Long Blades
 14591 | Lair:5   | XOM: scenery: summon butterflies
 14594 | Lair:5   | Reached skill level 8 in Evocations
 14731 | Lair:5   | XOM: summons friendly shadow imp
 14855 | Lair:5   | Got the Compendium of Outbursts
 14903 | Lair:5   | Reached skill level 8 in Long Blades
 14920 | Lair:5   | XOM: swap monsters
 14937 | Lair:5   | Reached skill level 13 in Dodging
 15005 | Lair:5   | XOM: enchant monster (bad)
 15009 | Lair:5   | Reached skill level 9 in Evocations
 15011 | Lair:5   | XOM: fake destruction
 15019 | Lair:5   | XOM: fog
 15028 | Lair:5   | Reached skill level 9 in Long Blades
 15096 | Lair:5   | a death yak changed into a shadow dragon
 15096 | Lair:5   | Noticed a shadow dragon
 15096 | Lair:5   | XOM: polymorph death yak -> shadow dragon
 15101 | Lair:5   | Killed a shadow dragon
 15164 | Lair:5   | Identified the ring of Wishful Thinking {Wiz rC- rCorr
                  | Str+4}
 15235 | Lair:5   | XOM: torment (65/128 hp)
 15379 | Lair:5   | XOM: blink monster(s)
 15383 | Lair:5   | Gained mutation: A weak demonic guardian rushes to your
                  | aid. [demonic ancestry]
 15383 | Lair:5   | Reached XP level 14. HP: 136/136 MP: 14/14
 15415 | Lair:5   | XOM: confusion
 15507 | Lair:5   | Identified the maw talisman of Twilight {Dex+4 Stlth-}
 15587 | Lair:5   | Found a viscous altar of Jiyva.
 15594 | Lair:5   | Found a staircase to the Slime Pits.
 16006 | D:11     | Reached skill level 10 in Long Blades
 16038 | D:12     | XOM: confuse monster(s)
 16075 | D:12     | Reached skill level 16 in Fighting
 16153 | D:12     | XOM: 1-stop teleportation journey
 16214 | D:12     | Found a staircase to the Orcish Mines.
 16562 | D:12     | Reached skill level 10 in Evocations
 16582 | D:12     | XOM: scenery: summon butterflies
 16594 | D:12     | XOM: chaos cloud
 17177 | D:12     | XOM: fog
 17489 | D:13     | XOM: confuse monster(s)
 17497 | D:13     | XOM: silly message
 17626 | D:13     | XOM: noise
 17640 | D:13     | Learned a level 2 spell: Blink
 17718 | D:13     | Reached skill level 11 in Long Blades
 17720 | D:13     | XOM: cast spell 'Leda's Liquefaction'
 17815 | D:13     | Reached skill level 1 in Spellcasting
 17815 | D:13     | Reached skill level 1 in Translocations
 17989 | D:14     | XOM: potion effect (might)
 18093 | D:14     | XOM: potion effect (experience)
 18093 | D:14     | Reached skill level 12 in Long Blades
 18093 | D:14     | Reached XP level 15. HP: 146/146 MP: 17/17
 18098 | D:14     | XOM: enchant monster (good)
 18111 | D:14     | Reached skill level 14 in Dodging
 18165 | D:14     | Reached skill level 2 in Spellcasting
 18309 | D:14     | Reached skill level 2 in Translocations
 18314 | D:14     | XOM: noise
 18420 | D:14     | XOM: divination: detect items
 18426 | D:14     | XOM: divination: detect creatures
 18487 | D:14     | Reached skill level 17 in Fighting
 18490 | D:14     | XOM: enchant monster (good)
 18542 | D:14     | XOM: silly message
 18611 | D:14     | Found a gate to the Vaults.
 18780 | D:15     | Entered Level 15 of the Dungeon
 18789 | D:15     | XOM: swap monsters
 18791 | D:15     | XOM: summons 3 friendly demons
 18814 | D:15     | XOM: cleaving
 18815 | D:15     | XOM: scenery: summon butterflies
 18822 | D:15     | Reached skill level 3 in Spellcasting
 18826 | D:15     | Reached skill level 3 in Translocations
 18843 | D:15     | Found a staircase to the Depths.
 18843 | D:15     | Noticed a fire giant
 18862 | D:15     | XOM: scenery: summon butterflies
 18874 | D:14     | Killed a fire giant
 18907 | D:15     | Gained mutation: Your touch may irresistibly damage your
                  | foes and sap their willpower. [demonic ancestry]
 18907 | D:15     | Reached XP level 16. HP: 140/155 MP: 20/20
 18915 | D:14     | XOM: confuse monster(s)
 18916 | D:14     | HP: 37/155 [burnt (15)]
 19002 | D:14     | XOM: potion effect (haste)
 19018 | D:14     | Reached skill level 11 in Evocations
 19034 | D:15     | XOM: 2-stop teleportation journey
 19076 | D:15     | Found a hazy altar of Hepliaklqana.
 19185 | D:15     | XOM: summons 4 hostile shadow creatures
 19239 | D:15     | XOM: noise
 19262 | D:15     | Found a runed translucent gate.
 19263 | D:15     | Found a runed translucent gate.
 19263 | D:15     | Found a runed translucent gate.
 19263 | D:15     | Noticed Iranwisias's ghost (journeyman KoHu)
 19389 | D:15     | XOM: stat loss: -1 Int (10/11)
 19438 | D:15     | XOM: 2-stop teleportation journey
 19453 | D:15     | XOM: enchant monster (bad)
 19462 | D:15     | Killed Iranwisias's ghost
 19498 | D:15     | Identified the +3 scimitar of Paorid {antimagic, Str+4}
 19593 | Orc:1    | Entered Level 1 of the Orcish Mines
 19773 | Orc:1    | Found a shimmering blue altar of Sif Muna.
 19816 | Orc:1    | Found a roughly hewn altar of Beogh.
 19912 | Orc:1    | XOM: stat loss: -1 Dex (24/25)
 20040 | Orc:1    | XOM: give mutation
 20040 | Orc:1    | Gained mutation: You occasionally shout uncontrollably at
                  | your foes. [Xom's mischief]
 20061 | Orc:2    | Entered Level 2 of the Orcish Mines
 20099 | Orc:2    | XOM: polymorph something unseen -> komodo dragon
 20125 | Orc:2    | Reached skill level 4 in Spellcasting
 20127 | Orc:2    | XOM: give mutations
 20127 | Orc:2    | Lost mutation: You have sharp toenails. [Xom's mischief]
 20127 | Orc:2    | Gained mutation: You have large cloven feet. [Xom's
                  | mischief]
 20127 | Orc:2    | Gained mutation: You have a somewhat thin skeletal
                  | structure. (Dex +2, Stealth+) [Xom's mischief]
 20127 | Orc:2    | Lost mutation: Your movements are slightly less encumbered
                  | by armour. (ER -2) [Xom's mischief]
 20137 | Orc:2    | XOM: torment (76/150 hp)
 20144 | Orc:2    | XOM: cast spell 'Iskenderun's Battlesphere'
 20146 | Orc:2    | XOM: enchant monster (good)
 20156 | Orc:2    | XOM: cast spell 'Cause Fear'
 20160 | Orc:2    | Noticed Sonja
 20166 | Orc:2    | XOM: summons friendly quasit
 20194 | Orc:2    | Reached skill level 4 in Translocations
 20245 | Orc:2    | XOM: polymorph orc wizard -> rat
 20246 | Orc:2    | Killed Sonja
 20309 | Orc:2    | Found a roughly hewn altar of Beogh.
 20315 | Orc:2    | Found Axeuf's Magic Scroll Shop.
 20323 | Orc:2    | Bought a scroll of enchant armour for 105 gold pieces
 20374 | Orc:2    | Found a staircase to the Elven Halls.
 20523 | Orc:2    | Found Ireytzol's Book Boutique.
 20667 | Orc:2    | Noticed Azrael
 20670 | Orc:2    | XOM: enchant monster (good)
 20676 | Orc:2    | XOM: potion effect (experience)
 20676 | Orc:2    | Gained mutation: A demonic guardian rushes to your aid.
                  | [demonic ancestry]
 20676 | Orc:2    | Reached XP level 17. HP: 134/162 MP: 8/24
 20682 | Orc:2    | Killed Azrael
 20683 | Orc:2    | Reached skill level 5 in Spellcasting
 20760 | Orc:2    | XOM: cloud trail
 20813 | Orc:2    | Found Moil's Assorted Antiques.
 20816 | Orc:2    | XOM: enchant monster (good)
 20819 | Orc:2    | XOM: summons friendly shadow imp
 20897 | Orc:2    | Found Pedeugak's General Store.
 20908 | Orc:2    | XOM: enchant monster (good)
 21156 | Orc:2    | Bought a scroll of teleportation for 87 gold pieces
 21473 | Lair:2   | XOM: summons 2 hostile demons
 21489 | Lair:2   | XOM: summons 5 hostile demons
 21508 | Lair:2   | Gained mutation: Your health recovers twice as slowly from
                  | being drained. [a shining eye]
 21568 | Spider:1 | Entered Level 1 of the Spider Nest
 21570 | Spider:1 | XOM: silly message
 21596 | Spider:1 | Reached skill level 5 in Translocations
 21616 | Spider:1 | XOM: 4-stop teleportation journey
 21630 | Spider:1 | Reached skill level 13 in Long Blades
 21662 | Spider:1 | Noticed Donald
 21670 | Spider:1 | XOM: cast spell 'Summon Small Mammal'
 21674 | Spider:1 | XOM: enchant monster (good)
 21679 | Spider:1 | Killed Donald
 21680 | Spider:1 | Reached skill level 1 in Armour
 21770 | Spider:1 | XOM: potion effect (might)
 21772 | Spider:1 | XOM: potion effect (might)
 21782 | Spider:1 | XOM: divination: detect creatures
 21902 | Spider:1 | XOM: 5-stop teleportation journey
 22437 | Spider:2 | XOM: divination: detect creatures
 22501 | Spider:2 | XOM: silly message
 22640 | Spider:2 | XOM: potion effect (attraction)
 22683 | Spider:2 | XOM: potion effect (heal wounds)
 22686 | Spider:2 | XOM: potion effect (might)
 22691 | Spider:2 | Reached skill level 2 in Armour
 22873 | Spider:2 | XOM: divination: detect creatures
 22876 | Spider:2 | Noticed Asterion
 22878 | Spider:2 | Paralysed by a jorogumo for 3 turns
 22879 | Spider:2 | HP: 11/163 [Asterion/+0 spectral demon trident (30)]
 22879 | Spider:2 | HP: 3/163 [+0 spectral demon trident[Asterion] (8)]
 22880 | Spider:2 | Slain by a jumping spider

Illustrated notes

Levels and vault maps discovered:
D:1:      ebering_trefoil_twist, layout_basic, minmay_misc_feat_plants
D:2:      layout_loops_ring, serial_shops, shop,
          shapermc_ecumenical_altar_rom_forum
D:3:      layout_loops_corners, overflow_temple_1_default, uniq_grinder
D:4:      layout_basic, mainiacjoe_overflow_large_starburst
D:5:      layout_basic, minmay_temple_entry_gardened_gates, uniq_menkaure
D:6:      layout_cave_pods, zin_purify, minmay_door_square, serial_bayou_pond_d,
          minmay_manual_moon
D:7:      layout_loops_corners
D:8:      layout_rooms, david_lair_shrubbed, serial_shops,
          nicolae_shop_rolling_square, nicolae_lava_and_water,
          chequers_mini_garden, kennysheep_cross_bottleneck
D:9:      layout_basic
D:10:     layout_stronghold
D:11:     layout_cave_pools, uniq_fannar, uniq_harold, uniq_maurice
D:12:     layout_layer_cave, erik_orc_4, gauntlet_entry_generic,
          minmay_misc_feat_ornament, nicolae_figureground_sparkle
D:13:     layout_basic, nicolae_elevator_lobby_asterisk
D:14:     layout_cave_pools, hangedman_vaults_entry_quadrant_bands,
          hangedman_decor_diamond_cutter
D:15:     grunt_enter_depths_giant_problem, layout_rooms,
          gammafunk_ghost_hydra_chop, nicolae_hepliaklqana_hazy_memory
Lair:1:   layout_hall_layers
Lair:2:   layout_regular_city, minmay_shoals_entry_centaurs,
          gammafunk_ghost_wrathful_warriors, uniq_erica
Lair:3:   layout_chaotic_city, hellmonk_spider_entry_not_the_bees
Lair:4:   layout_gridlike, pond
Lair:5:   evilmike_catoblepas_cave, layout_regular_city,
          dpeg_slime_entry_corner, nicolae_quartered_pool_medium
Spider:1: layout_cave_pods, uniq_donald
Spider:2: cheibrodos_spider_silkery, nicolae_spider_world_wide_web,
          uniq_asterion
Orc:1:    layout_caves, basic_altar, led_sif_book
Orc:2:    st_orc_town, layout_caves, uniq_azrael, uniq_sonja

Skill      XL: |  1  2  3  4  5  6  7  8  9 10 11 12 13 14 15 16 17 |
---------------+----------------------------------------------------+-----
Fighting       | 3 4 5 6 7 8 9 11 12 14 15 16 17 | 17.8
Dodging        | 2 4 6 8 10 11 12 13 14 | 14.9
Evocations     | 5 7 9 10 11 | 11.9
Long Blades    | 6 9 12 13 | 13.3
Spellcasting   | 1 3 4 5 |  5.7
Translocations | 1 3 4 5 |  5.5
Armour         | 2 |  2.2
Short Blades   | |  1.7
Throwing       | |  1.7
Stealth        | |  3.6

Action                     |  1- 3 |  4- 6 |  7- 9 | 10-12 | 13-15 | 16-18 || total
---------------------------+-------+-------+-------+-------+-------+-------++-------
  Melee: Dagger            |   148 |   147 |     2 |    17 |       |       ||   314
         Touch             |    33 |    29 |    37 |   106 |   172 |   128 ||   505
         War axe           |       |       |    89 |     1 |       |       ||    90
         Hand axe          |       |       |    78 |   291 |       |       ||   369
         Dire flail        |       |       |     6 |       |       |       ||     6
         Kick              |       |       |       |   145 |       |       ||   145
         Scimitar          |       |       |       |   182 |   718 |   479 ||  1379
         Double sword      |       |       |       |       |       |    97 ||    97
   Fire: Sling             |       |     3 |       |       |       |       ||     3
  Throw: Stone             |     5 |    14 |    49 |    12 |       |       ||    80
         Dart              |       |     6 |    15 |     5 |       |       ||    26
   Cast: Blink             |       |       |       |       |       |     3 ||     3
  Evoke: Wand              |       |       |     2 |     5 |       |     5 ||    12
         Condenser vane    |       |       |       |       |     1 |     2 ||     3
         Phial of floods   |       |       |       |       |       |     1 ||     1
    Use: Scroll            |       |     7 |     5 |    13 |     2 |     5 ||    32
         Potion            |       |     1 |     1 |       |       |     1 ||     3
   Stab: Sleeping          |     5 |     3 |     4 |    10 |     6 |     5 ||    33
         Distracted        |       |     1 |       |       |     5 |     3 ||     9
         Confused          |       |       |     1 |     2 |     3 |     1 ||     7
         Paralysed         |       |       |       |     7 |       |     8 ||    15
         Invisible         |       |       |       |     4 |       |       ||     4
         Petrified         |       |       |       |       |     3 |       ||     3
 Armour: Robe              |    49 |    53 |    16 |       |       |       ||   118
         Steam dragon scal |       |       |    48 |    47 |       |       ||    95
         Ring mail         |       |       |       |   213 |     3 |       ||   216
         Swamp dragon scal |       |       |       |       |   296 |   303 ||   599
  Dodge: Dodged            |    89 |   126 |   192 |   896 |  1050 |  1027 ||  3380
  Block: Other             |       |       |       |    30 |       |       ||    30
         Reflection        |       |       |       |     4 |       |       ||     4

Table legend: (Time is in decaauts)
 A = Elapsed time spent in this place.
 B = Non-inter-level travel time spent in this place.
 C = Inter-level travel time spent in this place.
 D = Time resting spent in this place.
 E = Time spent auto-exploring this place.
 F = Levels seen in this place.
 G = Mean time per level.
                   A        B        C        D        E       F      G
               +--------+--------+--------+--------+--------+-----+--------+
         Total |  22843 |  21041 |   1802 |     94 |  16228 |  24 |  951.8 |
       Dungeon |  14864 |  13610 |   1254 |     94 |  10808 |  15 |  990.9 |
          Lair |   5103 |   4744 |    359 |      0 |   3458 |   5 | 1020.6 |
   Spider Nest |   1288 |   1266 |     22 |      0 |    970 |   2 |  644.0 |
  Orcish Mines |   1587 |   1420 |    167 |      0 |    992 |   2 |  793.5 |
               +--------+--------+--------+--------+--------+-----+--------+

Top non-repeatable levels by time:
    D:12: 1453 daAuts
     D:7: 1210 daAuts
  Lair:5: 1209 daAuts
    D:10: 1204 daAuts
     D:9: 1165 daAuts
   Orc:2: 1128 daAuts
     D:3: 1121 daAuts
  Lair:2: 1109 daAuts
     D:6: 1071 daAuts
     D:8: 1034 daAuts
    D:11: 1011 daAuts
     D:4: 999 daAuts
  Lair:4: 979 daAuts
    D:14: 963 daAuts
     D:2: 943 daAuts

Levels and vault maps discovered:
D:1:      ebering_trefoil_twist, layout_basic, minmay_misc_feat_plants
D:2:      layout_loops_ring, serial_shops, shop,
          shapermc_ecumenical_altar_rom_forum
D:3:      layout_loops_corners, overflow_temple_1_default, uniq_grinder
D:4:      layout_basic, mainiacjoe_overflow_large_starburst
D:5:      layout_basic, minmay_temple_entry_gardened_gates, uniq_menkaure
D:6:      layout_cave_pods, zin_purify, minmay_door_square, serial_bayou_pond_d,
          minmay_manual_moon
D:7:      layout_loops_corners
D:8:      layout_rooms, david_lair_shrubbed, serial_shops,
          nicolae_shop_rolling_square, nicolae_lava_and_water,
          chequers_mini_garden, kennysheep_cross_bottleneck
D:9:      layout_basic
D:10:     layout_stronghold
D:11:     layout_cave_pools, uniq_fannar, uniq_harold, uniq_maurice
D:12:     layout_layer_cave, erik_orc_4, gauntlet_entry_generic,
          minmay_misc_feat_ornament, nicolae_figureground_sparkle
D:13:     layout_basic, nicolae_elevator_lobby_asterisk
D:14:     layout_cave_pools, hangedman_vaults_entry_quadrant_bands,
          hangedman_decor_diamond_cutter
D:15:     grunt_enter_depths_giant_problem, layout_rooms,
          gammafunk_ghost_hydra_chop, nicolae_hepliaklqana_hazy_memory
Lair:1:   layout_hall_layers
Lair:2:   layout_regular_city, minmay_shoals_entry_centaurs,
          gammafunk_ghost_wrathful_warriors, uniq_erica
Lair:3:   layout_chaotic_city, hellmonk_spider_entry_not_the_bees
Lair:4:   layout_gridlike, pond
Lair:5:   evilmike_catoblepas_cave, layout_regular_city,
          dpeg_slime_entry_corner, nicolae_quartered_pool_medium
Spider:1: layout_cave_pods, uniq_donald
Spider:2: cheibrodos_spider_silkery, nicolae_spider_world_wide_web,
          uniq_asterion
Orc:1:    layout_caves, basic_altar, led_sif_book
Orc:2:    st_orc_town, layout_caves, uniq_azrael, uniq_sonja

Table legend: (Time is in decaauts)
 A = Elapsed time spent in this place.
 B = Non-inter-level travel time spent in this place.
 C = Inter-level travel time spent in this place.
 D = Time resting spent in this place.
 E = Time spent auto-exploring this place.
 F = Levels seen in this place.
 G = Mean time per level.
                   A        B        C        D        E       F      G
               +--------+--------+--------+--------+--------+-----+--------+
         Total |  22843 |  21041 |   1802 |     94 |  16228 |  24 |  951.8 |
       Dungeon |  14864 |  13610 |   1254 |     94 |  10808 |  15 |  990.9 |
          Lair |   5103 |   4744 |    359 |      0 |   3458 |   5 | 1020.6 |
   Spider Nest |   1288 |   1266 |     22 |      0 |    970 |   2 |  644.0 |
  Orcish Mines |   1587 |   1420 |    167 |      0 |    992 |   2 |  793.5 |
               +--------+--------+--------+--------+--------+-----+--------+

Top non-repeatable levels by time:
    D:12: 1453 daAuts
     D:7: 1210 daAuts
  Lair:5: 1209 daAuts
    D:10: 1204 daAuts
     D:9: 1165 daAuts
   Orc:2: 1128 daAuts
     D:3: 1121 daAuts
  Lair:2: 1109 daAuts
     D:6: 1071 daAuts
     D:8: 1034 daAuts
    D:11: 1011 daAuts
     D:4: 999 daAuts
  Lair:4: 979 daAuts
    D:14: 963 daAuts
     D:2: 943 daAuts

Table legend:
 A = Kills in this place as a percentage of kills in the entire game.
 B = Kills by you in this place as a percentage of kills by you in the entire game.
 C = Kills by friends in this place as a percentage of kills by friends in the entire game.
 D = Other kills in this place as a percentage of other kills in the entire game.
 E = Experience gained in this place as a percentage of experience gained in the entire game.
 F = Experience gained in this place divided by the number of levels of this place that you have seen.
                   A       B       C       D       E      F
               +-------+-------+-------+-------+-------+----------------------
         Total | 100.0 | 100.0 | 100.0 | 100.0 | 100.0 | 6702.9
       Dungeon |  53.6 |  53.4 |  59.4 |  33.3 |  40.4 | 4333.9
          Lair |  22.8 |  23.5 |   3.1 |  66.7 |  32.3 | 10388.6
   Spider Nest |   7.0 |   6.0 |  28.1 |   0.0 |  14.5 | 11684.5
  Orcish Mines |  16.7 |  17.1 |   9.4 |   0.0 |  12.8 | 10274.0
               +-------+-------+-------+-------+-------+----------------------
